 Dungeon Crawl Stone Soup version 0.28.0-43-g3370ac3207 (webtiles) character file.

Game seed: 13656762172261413468

361 Faeu the Covered (level 6, 0/56 HPs)
             Began as a Minotaur Fighter on Mar 27, 2022.
             Was an Initiate of Gozag.
             Killed from afar by Duvessa (5 damage)
             ... with a puff of flame
             ... on level 4 of the Dungeon.
             The game lasted 00:12:40 (3135 turns).

Faeu the Covered (Minotaur Fighter)                 Turns: 3135, Time: 00:12:41

Health: 0/56       AC:  7    Str: 23    XL:     6   Next: 38%
Magic:  5/5        EV:  9    Int:  5    God:    Gozag
Gold:   258        SH:  4    Dex:  9    Spells: 5/5 levels left

rFire   . . .      SeeInvis .   a - +0 long sword {long}
rCold   . . .      Faith    .   c - +0 buckler
rNeg    . . .      Spirit   .   b - +0 scale mail
rPois   .          Reflect  .   (helmet restricted)
rElec   .          Harm     .   (no cloak)
rCorr   .          Rampage  .   (no gloves)
Will    .....                   (no boots)
Stlth   ..........              (no amulet)
HPRegen 0.18/turn               (no ring)
MPRegen 0.09/turn               (no ring)

@: mighty, lethally poisoned (0 -> -25), lit by a corona, glowing
A: horns 2, retaliatory headbutt
a: Renounce Religion, Potion Petition, Call Merchant, Bribe Branch


You were on level 4 of the Dungeon.
You worshipped Gozag.
Gozag was aware of your devotion.
You visited 1 branch of the dungeon, and saw 4 of its levels.

You collected 314 gold pieces.
You paid 56 gold pieces to Gozag.


Innate Abilities, Weirdness & Mutations

You have a pair of horns on your head.
You reflexively headbutt those who attack you in melee.


   Skills:
 + Level 5.3 Fighting
 + Level 4.6 Long Blades
 + Level 5.3 Armour
 + Level 5.3 Shields


You had 5 spell levels left.
You didn't know any spells.
Your spell library contained the following spells:

 Spells                   Type           Power      Damage    Failure   Level
 Magic Dart               Conj           0%         1d3       86%         1
 Searing Ray              Conj           0%         2d4       94%         2
 Ignite Poison            Fire/Tmut/Pois 0%         N/A       99%         3
 Mephitic Cloud           Conj/Pois/Air  0%         N/A       99%         3
 Vampiric Draining        Necr           0%         2d6       99%         3
 Fulminant Prism          Conj/Hex       0%         3d6       100%        4
 Freezing Cloud           Conj/Ice/Air   0%         6-21      100%        5
 Haunt                    Necr/Summ      0%         N/A       100%        7

Inventory:

Hand Weapons
 a - a +0 long sword (weapon) {long}
Missiles
 l - 76 stones (quivered) {throwing}
Armour
 b - a +0 scale mail (worn)
 c - a +0 buckler (worn)
Scrolls
 d - a scroll of teleportation {unknown}
 e - 5 scrolls of identify {unknown}
 f - a scroll of fear {unknown}
 h - a scroll of torment {unknown}
 n - a scroll of immolation {unknown}
Potions
 g - a potion of haste {unknown}
 i - 2 potions of attraction {unknown}
 j - 2 potions of curing {unknown}
 k - a potion of lignification {unknown}

Dungeon Overview and Level Annotations

Branches:
Dungeon (4/15)
 Temple: D:4-7

Altars:
Gozag
Okawaru

Shops:
D:3 *

Annotations:
D:4 Dowan, Duvessa

#.8_8.# # #..8..# .#
#≈≈.≈≈# .# #g≈(≈g# ..
##.# #≈≈.≈≈#######...
<..# .. #.....(g........
...#
≈≈..#####........?......
.#..###
###..$.#....gg.........
.#.#..#
.....##@#.....g.#####...
.#.#..# ##.#.##e#.......#
.. .#.#..#
#.#...e(.......# ......#
#.####.#.....e.# ##.####
###......#.......#
#.######......###.....(.#
#.#.......###.# #.......#
#.#.####..###.######.####
#......#........ ...


You could see Duvessa (fast) and Dowan.


Message History

You kill Robin!
The goblin closely misses you. The goblin closely misses you.
You furiously retaliate!
You headbutt the goblin!
You kill the goblin!
You now have 258 gold pieces (gained 28).
Items here: )))) [[. 😕 HP[+1]
A goblin comes into view. It is wielding a +0 dagger.
The goblin shouts!
You hear a shout!
A goblin comes into view. It is wielding a +0 club. x2
You hear a shout! x3
Items here: )))) [[.
Okay, then.
You throw a stone {throwing}. The stone {throwing} hits the goblin.
You closely miss the goblin. The goblin closely misses you. 😎 HP[+1]
You closely miss the goblin. Your headbutt misses the goblin.
The goblin hits you but does no damage.
The goblin hits you with a +0 dagger. 😕 HP[-1]
You take 1 damage, and now have 55/56 hp.
You barely miss the goblin. The goblin hits you but does no damage.
A hobgoblin comes into view.
You hit the goblin.
You kill the goblin!
You slash the goblin!
You kill the goblin!
You barely miss the goblin. You headbutt the goblin.
You kill the goblin! 😎 HP[+1]
You hit the hobgoblin. Your headbutt misses the hobgoblin.
The hobgoblin hits you. 😕 HP[-2]
You take 2 damage, and now have 54/56 hp.
You slash the hobgoblin!
You kill the hobgoblin!
Dowan, Brother of Duvessa comes into view.
He is wielding a +0 dagger.
Items here: $ ))). 😕 HP[+1]
You throw a stone {throwing}.
The stone {throwing} completely misses Dowan.
Duvessa, Sister of Dowan comes into view.
She is wielding a +2 short sword of venom and carrying a wand of flame (12).
Dowan is distracted by your dazzling golden aura.
Items here: )))) [[.
Okay, then. 😎 HP[+1] Dowan is no longer distracted by gold.
Dowan gestures at you while chanting.
You are outlined in light.
You throw a stone {throwing}. The stone {throwing} hits Dowan.
Dowan casts a spell.
Dowan blinks!
You throw a stone {throwing}.
The stone {throwing} hits Duvessa but does no damage.
Duvessa hits you but does no damage.
You hit Duvessa. Your headbutt misses Duvessa. You block Duvessa's attack.
You closely miss Duvessa. You headbutt Duvessa, but do no damage.
Duvessa hits you but does no damage.
You are poisoned.
You hit Duvessa.
You feel very sick.
Duvessa hits you with a +2 short sword of venom.
You are more poisoned. 😕 HP[-8]
You take 8 damage, and now have 48/56 hp.
You slash Duvessa!
You feel very sick.
Duvessa hits you with a +2 short sword of venom.
Dowan points at Duvessa and mumbles some strange words.
Duvessa seems to speed up. 😮 HP[-12]
You take 12 damage, and now have 36/56 hp.
MASSIVE DAMAGE!! (PAUSE)
You hit Duvessa but do no damage. You headbutt Duvessa.
You feel very sick. Duvessa hits you but does no damage.
You are more poisoned.
Duvessa zaps a wand.
The puff of flame hits you.
* * * LOW HITPOINT WARNING * * *
😨 HP[-10]
You take 10 damage, and now have 26/56 hp.
You feel very mighty all of a sudden.
* * * LOW HITPOINT WARNING * * *
You feel very sick.
Duvessa hits you with a +2 short sword of venom.
* * * LOW HITPOINT WARNING * * *
You are more poisoned.
Duvessa hits you with a +2 short sword of venom!
* * * LOW HITPOINT WARNING * * *
😱 HP[-14]
You take 14 damage, and now have 12/56 hp.
MASSIVE DAMAGE!! (PAUSE)
You closely miss Duvessa. Your headbutt misses Duvessa.
* * * LOW HITPOINT WARNING * * *
You feel extremely sick.
Duvessa zaps a wand.
The puff of flame hits you.
You die...
Your body crumbles into a pile of gold.

Skill      XL: |  1  2  3  4  5 |
---------------+----------------+-----
Armour         | 4 5 |  5.3
Shields        | 4 5 |  5.3
Fighting       | 4 5 |  5.3
Long Blades    | 3 4 |  4.6

Action                   |  1- 3 |  4- 6 || total
-------------------------+-------+-------++-------
Melee: Long sword        |    64 |   106 ||   170
       Headbutt          |     7 |    24 ||    31
Throw: Stone             |       |    52 ||    52
  Use: Potion            |       |     2 ||     2
Armor: Scale mail        |    24 |    37 ||    61
Dodge: Dodged            |    31 |    45 ||    76
Block: Buckler           |    12 |    30 ||    42

Levels and vault maps discovered:
D:1:      sevenhm_arrival_forest_fort_small_5, layout_basic,
          dreamdust_ecumenical_altar_sealed_demon
D:2:      layout_loops_corners, minivault_24, serial_bayou_pond_d
D:3:      layout_rooms, nicolae_gozag_zags_fifth_avenue, minmay_misc_feat_five
D:4:      layout_loops_cross, nicolae_wu_jian_glorious_leap,
          nicolae_tso_besieged_by_evil, mainiacjoe_overflow_paths,
          kennysheep_okawaru_gauntlet, minmay_divided_ellipse, uniq_robin,
          uniq_eustachio, uniq_duvessa

Notes
Turn   | Place    | Note
-------+----------+-------------------------------------------
     0 | D:1      | Faeu the Minotaur Fighter began the quest for the Orb.
     0 | D:1      | Reached XP level 1. HP: 19/19 MP: 0/0
     0 | D:1      | magus.rc [v1.9.6]
   156 | D:1      | Reached XP level 2. HP: 27/27 MP: 1/1
   276 | D:1      | You add the spells Mephitic Cloud, Ignite Poison, Vampiric
                  | Draining and Haunt to your library.
   276 | D:1      | Got Sif Muna's Papyrus of Unholy Contamination
   376 | D:1      | Found a faded altar of an unknown god.
   376 | D:1      | Noticed a hellion
   619 | D:1      | Reached skill level 4 in Armour
   619 | D:1      | Reached skill level 4 in Shields
   759 | D:2      | Reached skill level 4 in Fighting
   811 | D:2      | Reached skill level 3 in Long Blades
   965 | D:2      | Reached XP level 3. HP: 26/33 MP: 2/2
  1304 | D:2      | Reached XP level 4. HP: 37/40 MP: 3/3
  1646 | D:2      | You pick up a book of Conjurations {@e2} and begin
                  | reading...
  1646 | D:2      | You add the spells Magic Dart, Searing Ray and Fulminant
                  | Prism to your library.
  1827 | D:3      | Noticed a sky beast
  1934 | D:3      | Found Gozag's Platinum Reserve.
  1937 | D:3      | Found an opulent altar of Gozag.
  1989 | D:3      | Noticed a black bear
  1999 | D:3      | Killed a black bear
  2000 | D:3      | Reached skill level 4 in Long Blades
  2000 | D:3      | Reached XP level 5. HP: 13/47 MP: 4/4
  2250 | D:3      | Became a worshipper of Gozag Ym Sagoz the Greedy
  2320 | D:3      | HP: 11/47 [sky beast (6)]
  2322 | D:3      | Killed a sky beast
  2323 | D:3      | Reached skill level 5 in Fighting
  2323 | D:3      | Reached skill level 5 in Armour
  2323 | D:3      | Reached skill level 5 in Shields
  2323 | D:3      | Reached XP level 6. HP: 13/56 MP: 5/5
  3064 | D:4      | Found an iron altar of Okawaru.
  3080 | D:4      | Noticed Robin
  3103 | D:4      | Killed Robin
  3120 | D:4      | Noticed Dowan
  3121 | D:4      | Noticed Duvessa
  3134 | D:4      | HP: 12/56 [Duvessa/+2 short sword of venom (7)]
  3135 | D:4      | HP: 5/56 [poisoned by Duvessa]
  3135 | D:4      | Killed from afar by Duvessa

Vanquished Creatures
  A sky beast (D:3)
  A black bear (D:3)
  Robin (D:4)
  3 gnolls (D:2)
  3 adders (D:3)
  5 worms
  3 dart slugs
  5 orcs (D:3)
  9 ball pythons
  3 endoplasms
  4 giant cockroaches
  12 goblins
  7 hobgoblins
  7 quokkas
  4 bats
  3 frilled lizards (D:2)
  6 kobolds
  2 rats
79 creatures vanquished.

Table legend:
 A = Non-vault XP
 B = Vault XP
 C = Vault XP percentage of total XP
 D = Non-vault monster count
 E = Vault monster count
 F = Vault count percentage of total count
                 A         B        C        D         E       F
            +---------+---------+-------+---------+---------+-------
      Total |     484 |      33 |   6.4 |      69 |      10 |  12.7
            +---------+---------+-------+---------+---------+-------
        D:1 |      30 |       0 |   0.0 |      16 |       0 |   0.0
        D:2 |     102 |       0 |   0.0 |      29 |       0 |   0.0
        D:3 |     341 |       0 |   0.0 |      19 |       0 |   0.0
        D:4 |      11 |      33 |  75.0 |       5 |      10 |  66.7
            +---------+---------+-------+---------+---------+-------

Illustrated notes

Table legend:
 A = Kills in this place as a percentage of kills in entire the game.
 B = Kills by you in this place as a percentage of kills by you in the entire game.
 C = Kills by friends in this place as a percentage of kills by friends in the entire game.
 D = Other kills in this place as a percentage of other kills in the entire game.
 E = Experience gained in this place as a percentage of experience gained in the entire game.
 F = Experience gained in this place divided by the number of levels of this place that you have seen.
                   A       B       C       D       E      F
               +-------+-------+-------+-------+-------+----------------------
         Total | 100.0 | 100.0 |   N/A |   N/A | 100.0 | 129.2
       Dungeon | 100.0 | 100.0 |   N/A |   N/A | 100.0 | 129.2
               +-------+-------+-------+-------+-------+----------------------

Table legend: (Time is in decaauts)
 A = Elapsed time spent in this place.
 B = Non-inter-level travel time spent in this place.
 C = Inter-level travel time spent in this place.
 D = Time resting spent in this place.
 E = Time spent auto-exploring this place.
 F = Levels seen in this place.
 G = Mean time per level.
                   A        B        C        D        E       F      G
               +--------+--------+--------+--------+--------+-----+--------+
         Total |   3190 |   3121 |     69 |    379 |   1798 |   4 |  797.5 |
       Dungeon |   3190 |   3121 |     69 |    379 |   1798 |   4 |  797.5 |
               +--------+--------+--------+--------+--------+-----+--------+

Top non-repeatable levels by time:
     D:2: 1160 daAuts
     D:3: 1139 daAuts
     D:1: 752 daAuts
     D:4: 137 daAuts
